 Dungeon Crawl Stone Soup version 0.32-a0-886-g41c5271027 (webtiles) character file.

Game seed: 17637857638193025025

89035 ragingrage the Warrior (level 15, -1/131 HPs)
             Began as a Barachi Shapeshifter on Apr 2, 2024.
             Was a High Priest of Yredelemnul.
             Shot with an arrow by a centaur (6 damage)
             ... led by a centaur warrior
             ... on level 14 of the Dungeon.
             The game lasted 00:43:13 (20114 turns).

ragingrage the Warrior (Barachi Shapeshifter)      Turns: 20114, Time: 00:43:14

Health: -1/131     AC:  9    Str: 20    XL:     15   Next: 96%
Magic:  20/22      EV: 26    Int: 11    God:    Yredelemnul [*****.]
Gold:   1671       SH:  0    Dex: 14    Spells: 14/14 levels left

rFire   . .          .
                       - Unarmed
rCold   . . .        w - melded orb {*Rage}
rNeg    . . .        S - melded +3 swamp dragon scales of Understanding {rPois Str+6}
rPois   .            (no helmet)
rElec   .            f - +2 cloak {rCorr}
rCorr   +            r - +1 pair of gloves
SInv    .            (no boots)
Will    +....        e - amulet of regeneration
Stlth   +            a - +5 ring of evasion
HPRegen 1.21/turn    p - +4 ring of protection
MPRegen 0.18/turn

%: no passive effects
@: flux-form, glowing, studying Shapeshifting, slow
A: glow, contaminating, amphibious, slowness 1, strong legs 2, +LOS
a: Hop, Begin Untransformation, Renounce Religion, Light the Black Torch, Recall
Undead Harvest, Hurl Torchlight, Bind Soul, Fathomless Shackles


You were on level 14 of the Dungeon.
You worshipped Yredelemnul.
Yredelemnul was aware of your devotion.
You were something dangerously unstable.
You visited 3 branches of the dungeon, and saw 21 of its levels.
You also visited: Ossuary, Gauntlet and Volcano.

You collected 2185 gold pieces.
You spent 514 gold pieces at shops.

Inventory:

Missiles
 c - 5 curare-tipped darts
 g - 30 boomerangs
 U - 18 javelins
Armour
 f - a +2 cloak of preservation (worn)
 r - a +1 pair of gloves (worn)
 w - an orb of wrath (melded)
 O - a +0 buckler
 S - the +3 swamp dragon scales of Understanding (melded) {rPois Str+6}
   (You found it on level 7 of the Dungeon)

   Str+6:     It affects your strength (+6).
   rPois:     It protects you from poison.
Jewellery
 a - a +5 ring of evasion (left hand)
 d - the ring "Pad Qae" {rElec MP+9 Dex+2}
   (You found it on level 11 of the Dungeon)

   [ring of magical power]

   Dex+2:     It affects your dexterity (+2).
   rElec:     It insulates you from electricity.
   MP+9:      It affects your magic capacity (+9).
 e - an amulet of regeneration (around neck)
 p - a +4 ring of protection (right hand)
 V - a ring of protection from fire
 Z - the ring of Royalty {rPois rC+ rCorr Dex+3 SInv}
   (You found it on level 10 of the Dungeon)

   [ring of resist corrosion]

   Dex+3:     It affects your dexterity (+3).
   rC+:       It protects you from cold.
   rPois:     It protects you from poison.
   SInv:      It lets you see invisible.
   rCorr:     It protects you from acid and corrosion.
Talismans
 K - a flux talisman (active)
Wands
 q - a wand of acid (4)
 C - a wand of paralysis (25)
 P - a wand of digging (9)
 W - a wand of iceblast (8)
 X - a wand of flame (44)
Scrolls
 b - 2 scrolls of silence
 j - 8 scrolls of teleportation
 k - 3 scrolls of butterflies
 o - 2 scrolls of vulnerability
 s - 2 scrolls of torment
 v - 7 scrolls of immolation
 y - 2 scrolls of fog
 L - 2 scrolls of poison
 M - a scroll of blinking
 Q - 4 scrolls of fear
Potions
 i - 8 potions of curing
 m - 4 potions of enlightenment
 n - 2 potions of mutation
 u - 2 potions of cancellation
 x - 4 potions of haste
 z - 2 potions of might
 A - a potion of lignification
 B - 3 potions of berserk rage
 D - 7 potions of brilliance
 E - 2 potions of ambrosia {unknown}
 F - 4 potions of heal wounds
 G - 2 potions of resistance {unknown}
 H - a potion of attraction
 I - a potion of magic {unknown}
 J - 3 potions of invisibility
 N - 2 potions of experience {unknown}
Miscellaneous
 R - a condenser vane
 T - a sack of spiders (inert)


   Skills:
 - Level 16.0 Fighting
 - Level 11.9 Dodging
 - Level 2.0 Stealth
 - Level 2.0 Shields
 - Level 14.0 Unarmed Combat
 - Level 10.0 Invocations
 - Level 5.0 Evocations
 + Level 15.0 Shapeshifting


You had 14 spell levels left.
You didn't know any spells.
Your spell library contained the following spells:

 Spells                   Type           Power      Damage    Failure   Level
 Apportation              Tloc           0%         N/A       34%         1
 Magic Dart               Conj           0%         1d3       34%         1
 Sandblast                Erth           0%         2d4       34%         1
 Sting                    Conj/Alch      0%         1d3       34%         1
 Blink                    Tloc           0%         N/A       47%         2
 Cigotuvi's Dreadful Rot  Necr/Alch/Air  0%         N/A       47%         2
 Jinxbite                 Hex            0%         N/A       47%         2
 Lesser Beckoning         Tloc           0%         N/A       47%         2
 Mercury Vapours          Alch/Air       0%         N/A       47%         2
 Momentum Strike          Conj/Tloc      0%         3d8       47%         2
 Searing Ray              Conj           0%         2d4       47%         2
 Static Discharge         Conj/Air       0%         3-3/arc   47%         2
 Dazzling Flash           Conj/Hex       0%         N/A       71%         3
 Maxwell's Portable Pile  Tloc           0%         2d(5-13)  71%         3
 Mephitic Cloud           Conj/Alch/Air  0%         N/A       71%         3
 Stone Arrow              Conj/Erth      0%         3d7       71%         3
 Summon Ice Beast         Ice/Summ       0%         N/A       71%         3
 Teleport Other           Tloc           0%         N/A       71%         3
 Tukima's Dance           Hex            0%         N/A       71%         3
 Volatile Blastmotes      Fire/Tloc      0%         2d10      71%         3
 Airstrike                Air            0%         2d(0-16)  98%         4
 Brom's Barrelling Bould  Conj/Erth      0%         2d3       98%         4
 Dimensional Bullseye     Hex/Tloc       0%         N/A       98%         4
 Dispel Undead            Necr           0%         3d6       98%         4
 Fulminant Prism          Conj/Alch      0%         3d5       98%         4
 Iskenderun's Mystic Bla Conj/Tloc 0%             2d3        (+2d1     98%         4
 Leda's Liquefaction      Alch/Erth      0%         N/A       98%         4
 Martyr's Knell           Necr/Summ      0%         N/A       98%         4
 Olgreb's Toxic Radiance  Alch           0%         N/A       98%         4
 Petrify                  Alch/Erth      0%         N/A       98%         4
 Summon Lightning Spire   Summ/Air       0%         N/A       98%         4
 Alistair's Intoxication  Alch           0%         N/A       100%        5
 Curse of Agony           Necr           0%         N/A       100%        5
 Fireball                 Conj/Fire      0%         3d3       100%        5
 Iskenderun's Battlesphe  Conj           0%         2d6       100%        5
 Metabolic Englaciation   Hex/Ice        0%         N/A       100%        5
 Silence                  Hex/Air        0%         N/A       100%        5
 Summon Mana Viper        Hex/Summ       0%         N/A       100%        5
 Conjure Ball Lightning   Conj/Air       0%         3x3d6     100%        6
 Monstrous Menagerie      Summ           0%         N/A       100%        7
 Orb of Destruction       Conj           0%         9d5       100%        7


Dungeon Overview and Level Annotations

Branches:
Dungeon (14/15)            Temple (0/1) D:5            Lair (5/5) D:8
  Swamp (0/4) Lair:3        Snake (0/4) Lair:3        Slime (0/5) Lair:5
    Orc (2/2) D:12            Elf (0/3) Orc:2       Ossuary (visited)
Volcano (visited)         Gauntlet (visited)
 Vaults: D:13-14

Altars:
Cheibriados
Sif Muna
Xom
Yredelemnul
Beogh
Jiyva

Shops:
D:4 =   D:5 (   D:9 !   Orc:2 !(!![

Annotations:
Lair:5 exclusion: obsidian statue


Innate Abilities, Weirdness & Mutations

You are something dangerously unstable.
You glow with magical radiation, making you easy to see and hit.
Foes you strike become dangerously contaminated with magical radiation.
You are incapable of wielding weapons or throwing items.
You are amphibious.
You cover ground slowly.
You can hop long distances.
You have an extended range of vision and can be seen from far away.


Message History

The purple ugly thing tail-slaps your scorpion.
The purple ugly thing closely misses you.
Your death knight zombie hits the green ugly thing but does no damage.
Your redback barely misses the green ugly thing.
You punch the cyclops!
The cyclops begins to glow.
The meliai dies!
Their soul becomes fuel for the torch.
The cyclops hits you.
The white ugly thing kicks something.
The white ugly thing freezes something.
The green ugly thing barely misses your death knight zombie.
Your redback barely misses the green ugly thing.
The purple ugly thing completely misses you.
The red ugly thing basks in the mutagenic energy from its kin and changes!
The purple ugly thing trunk-slaps you!
You pummel the cyclops!!
You kill the cyclops!
Their soul becomes fuel for the torch.
Your surroundings suddenly seem different.
Your condenser vane has recharged.
Your Shapeshifting skill increases to level 15!
The black torch is already ablaze!
Your meliai zombie is recalled.
Your death knight zombie is recalled.
The centaur shoots an arrow.
The arrow hits you!
* * * LOW HITPOINT WARNING * * *
The centaur shoots an arrow.
The arrow completely misses you.
The centaur shoots an arrow.
The arrow hits you.
* * * LOW HITPOINT WARNING * * *
The centaur warrior shoots an arrow.
The arrow hits you!
* * * LOW HITPOINT WARNING * * *
The centaur shoots an arrow.
The arrow hits your death knight zombie!
The centaur shoots an arrow.
The arrow hits your death knight zombie!
Your death knight zombie is destroyed!
The centaur shoots an arrow.
The arrow hits your meliai zombie!
The centaur warrior shoots an arrow.
The arrow hits you!!
* * * LOW HITPOINT WARNING * * *
The centaur shoots an arrow.
The arrow hits you.
You die...
Your body rises from the dead as a mindless zombie.

## #. #. #. #. #
#.###.####
#######........#
........p# .......Z.#
+ .........# #
...............^. #
#.. .#...............
..............#....#.
...##....#...#......
............# ...##
...c.c.cc..#...... .


You could see a centaur warrior, 3 centaurs and a friendly meliai zombie.

Vanquished Creatures
  5 dire elephants (Lair:5)
  A minotaur (Gauntlet)
  3 hydras
  A ghost crab (Lair:3)
  3 centaur warriors (D:13)
  A death knight (D:14)
  A tengu warrior (D:13)
  A two-headed ogre (D:12)
  A death yak (Lair:5)
  6 orc high priests
  Nergalle (D:12)
  Sonja (D:11)
  A wretched star (Gauntlet)
  A spectral death yak (Lair:5)
  A spectral anaconda (Lair:5)
  5 skeletal warriors
  A spectral hydra (Lair:3)
  An arcanist (Volcano)
  Pikel (D:7)
  A lindwurm (Lair:2)
  4 necromancers
  8 orc knights
  A deep elf pyromancer (D:12)
  An obsidian bat (Orc:2)
  An orc sorcerer (D:12)
  5 cyclopes
  Maurice (D:12)
  A salamander (Volcano)
  A manticore (D:12)
  An eye of devastation (Gauntlet)
  6 elephants
  2 black mambas
  4 molten gargoyles (Volcano)
  2 gargoyles (Volcano)
  A rime drake (Lair:2)
  4 cane toads
  3 tengu conjurers
  2 komodo dragons
  Psyche (D:11)
  An efreet (D:13)
  3 trolls (D:12)
  3 blink frogs
  A spectral elephant (Lair:3)
  A slime creature (D:13)
  5 wraiths
  A spectral dream sheep (Lair:3)
  A basilisk (Lair:2)
  25 yaks
  2 neqoxecs (Gauntlet)
  2 shadows
  A wyvern (Lair:1)
  A golden eye (Gauntlet)
  7 vampire mosquitoes
  2 steam dragons
  5 wargs
  A naga (Lair:3)
  A naga (shapeshifter) (D:13)
  An acid dragon (D:10)
  8 water moccasins
  19 orc warriors
  3 black bears
  An orc zombie (D:13)
  3 ogres
  4 wolves
  A tengu (shapeshifter) (D:13)
  6 centaurs
  5 phantoms (D:7)
  10 bullfrogs
  3 kobold brigands
  2 cane toad simulacra (Lair:5)
  4 scorpions
  2 burial acolytes (Ossuary)
  10 wights
  12 killer bees
  2 elephant simulacra (Lair:5)
  An electric eel (Lair:5)
  3 howler monkeys
  5 centaur zombies
  2 hounds (D:5)
  Crazy Yiuf (D:2)
  A centaur skeleton (Ossuary)
  27 orc priests
  Ijyb (D:5)
  Terence (D:2)
  2 iguanas (D:5)
  3 scorpion zombies (D:7)
  3 sleepcaps
  14 orc wizards
  2 killer bee zombies (D:7)
  3 gnolls
  6 adders
  4 shadow imps
  2 white imps
  2 adder skeletons (Ossuary)
  3 dart slugs
  3 ribbon worms
  69 orcs
  5 endoplasms
  2 giant cockroaches
  6 goblins
  4 hobgoblins
  3 jackals (D:1)
  5 quokkas
  7 ball pythons
  4 bats
  2 frilled lizards
  19 kobolds
  4 orc skeletons (Ossuary)
  5 rats
469 creatures vanquished.

Vanquished Creatures (collateral kills)
  Nessos (Orc:2)
  A dire elephant (Lair:5)
  Josephine (D:13)
  Fannar (Orc:1)
  3 hydras
  2 two-headed ogres
  3 boulder beetles (D:13)
  A fire crab (Lair:5)
  2 lindwurms (Lair:5)
  3 orc knights
  A necromancer (Lair:5)
  3 cyclopes
  An orc sorcerer (Orc:2)
  A salamander (Volcano)
  A manticore (D:13)
  3 black mambas
  A kobold blastminer (Orc:1)
  A meliai (D:14)
  A dire elephant zombie (Lair:5)
  7 elephants
  A dire elephant skeleton (Lair:5)
  A molten gargoyle (Volcano)
  3 cane toads
  A gargoyle (Volcano)
  Jeremiah (D:9)
  2 rime drakes (Lair:5)
  4 komodo dragons
  A tengu conjurer (D:13)
  2 trolls
  A polar bear (Lair:2)
  A spectral elephant (Lair:3)
  8 blink frogs
  A spectral black mamba (Lair:3)
  4 slime creatures (D:13)
  A shadow (D:11)
  A vampire (D:11)
  2 wyverns
  3 basilisks
  A wraith (D:13)
  13 yaks
  A warg (Orc:2)
  A vampire mosquito (D:11)
  A spectral cane toad (Lair:5)
  A naga (Lair:3)
  6 water moccasins
  10 orc warriors
  An ice beast (D:8)
  2 black bears
  5 ogres
  5 centaurs
  5 wolves
  A phantom (D:7)
  4 bullfrogs
  A scorpion (D:7)
  4 killer bees
  A howler monkey (D:8)
  A centaur zombie (D:7)
  3 orc priests
  A gnoll bouda (D:5)
  2 sleepcaps (D:7)
  5 orc wizards
  A scorpion zombie (D:7)
  2 killer bee zombies (D:7)
  5 gnolls (D:5)
  6 shadow imps (D:7)
  2 ufetubi (D:7)
  A ribbon worm (D:6)
  37 orcs
  A ball python (D:1)
  A giant cockroach (D:1)
  A quokka (D:4)
  2 ball python skeletons (Ossuary)
  8 kobolds
218 creatures vanquished.

Vanquished Creatures (others)
  A dire elephant zombie (Lair:5)
  A death yak zombie (Lair:5)
  2 hydra zombies
  A black mamba zombie (Lair:5)
  A yak (D:12)
  A two-headed ogre zombie (Orc:2)
  A small abomination (Gauntlet)
  A cane toad zombie (Lair:5)
  2 blink frog zombies
  5 elephant zombies
  A salamander zombie (Volcano)
  A cyclops zombie (Volcano)
  2 warg zombies (Orc:2)
  3 water moccasin zombies
  9 yak zombies
  A troll zombie (D:12)
  2 wolf zombies (Gauntlet)
  3 bullfrog zombies
  4 centaur zombies (D:13)
  3 black bear zombies
  2 basilisk zombies (Lair:5)
  A scorpion zombie (D:7)
  3 killer bee zombies
  3 ogre zombies
  A hound zombie (D:5)
  A howler monkey zombie (D:9)
  A ribbon worm zombie (D:2)
  2 adder zombies (D:2)
  2 spectral shadow imps (D:7)
  3 orcs
  A bat zombie (D:1)
  A gnoll zombie (D:5)
  4 human zombies
  A ball python zombie (D:2)
  2 endoplasm zombies
  A goblin zombie (D:2)
  9 kobold zombies
  47 orc zombies
  2 quokka zombies (D:2)
132 creatures vanquished.

Grand Total: 819 creatures vanquished

Notes
Turn   | Place    | Note
-------+----------+-------------------------------------------
     0 | D:1      | ragingrage the Barachi Shapeshifter began the quest for the
                  | Orb.
     0 | D:1      | Reached XP level 1. HP: 15/15 MP: 1/1
   107 | D:1      | Reached skill level 1 in Stealth
   107 | D:1      | Reached XP level 2. HP: 15/21 MP: 2/2
   355 | D:2      | Found a basalt altar of Yredelemnul.
   373 | D:2      | Became a worshipper of Yredelemnul the Fallen
   498 | D:2      | Reached XP level 3. HP: 23/26 MP: 3/3
   524 | D:2      | Noticed Terence
   541 | D:2      | Killed Terence
   839 | D:2      | Reached XP level 4. HP: 32/32 MP: 4/4
  1072 | D:2      | Reached skill level 5 in Unarmed Combat
  1206 | D:2      | Found a runed translucent door.
  1207 | D:2      | Noticed Crazy Yiuf
  1390 | D:2      | Your ally Terence died
  1403 | D:2      | Killed Crazy Yiuf
  1404 | D:2      | Reached XP level 5. HP: 23/37 MP: 3/5
  1624 | D:1      | Reached * piety under Yredelemnul
  1838 | D:3      | Noticed an ogre
  1848 | D:3      | Killed an ogre
  1849 | D:3      | Reached XP level 6. HP: 43/43 MP: 6/6
  2316 | D:4      | Reached skill level 2 in Fighting
  2532 | D:4      | Reached XP level 7. HP: 41/51 MP: 7/7
  2536 | D:4      | Reached ** piety under Yredelemnul
  2796 | D:4      | Reached skill level 3 in Fighting
  2927 | D:4      | Found Naol Pam's Jewellery Emporium.
  3002 | D:5      | Entered Level 5 of the Dungeon
  3078 | D:5      | Reached skill level 4 in Fighting
  3125 | D:5      | Found a sand-covered staircase.
  3128 | D:5      | Found a staircase to the Ecumenical Temple.
  3231 | D:5      | Noticed Ijyb
  3236 | D:5      | Reached XP level 8. HP: 61/61 MP: 8/8
  3244 | D:5      | Paralysed by Ijyb for 5 turns
  3251 | D:5      | Killed Ijyb
  3313 | Ossuary  | Entered an ossuary
  3361 | Ossuary  | Reached skill level 5 in Shapeshifting
  3459 | Ossuary  | Reached skill level 5 in Fighting
  4015 | D:5      | Found Okidac's Weapon Emporium.
  4233 | D:6      | Reached skill level 6 in Fighting
  4241 | D:6      | Reached XP level 9. HP: 43/69 MP: 9/9
  4242 | D:6      | Reached *** piety under Yredelemnul
  4307 | D:6      | Found a snail-covered altar of Cheibriados.
  4381 | D:6      | Found a shimmering blue altar of Sif Muna.
  4589 | D:6      | Reached skill level 7 in Fighting
  4845 | D:7      | Reached skill level 8 in Fighting
  4866 | D:7      | Reached skill level 10 in Unarmed Combat
  5033 | D:7      | Reached skill level 9 in Fighting
  5090 | D:7      | Reached XP level 10. HP: 19/83 MP: 10/10
  5231 | D:7      | Reached skill level 5 in Dodging
  5249 | D:7      | Identified the +3 swamp dragon scales of Understanding
                  | {rPois Str+6}
  5492 | D:7      | Reached skill level 10 in Fighting
  5722 | D:7      | Noticed Pikel
  5735 | D:7      | Killed Pikel
  5792 | D:7      | Reached **** piety under Yredelemnul
  6476 | D:8      | Found a staircase to the Lair.
  6557 | D:8      | Identified the +1 robe of the Present {*Corrode rElec
                  | Dex+6}
  6565 | D:8      | Reached XP level 11. HP: 90/90 MP: 13/13
  6917 | D:8      | Found a staircase to the Lair.
  7286 | D:9      | Found Tig Xocw's Distillery.
  7289 | D:9      | Noticed Jeremiah
  7300 | D:9      | Killed Jeremiah
  7326 | D:9      | Bought a potion of heal wounds for 70 gold pieces
  7326 | D:9      | Bought a potion of degeneration for 14 gold pieces
  7326 | D:9      | Bought a potion of enlightenment for 70 gold pieces
  7335 | D:9      | Identified the +5 quarterstaff "Jynuo" {drain, *Rage rElec
                  | Int+3}
  7692 | Lair:1   | Entered Level 1 of the Lair of Beasts
  7828 | Lair:1   | Reached skill level 10 in Dodging
  7858 | Lair:1   | Reached skill level 5 in Invocations
  8135 | Lair:1   | Found a dark tunnel.
  8145 | Volcano  | Entered a volcano
  8149 | Volcano  | Noticed a cyclops
  8156 | Volcano  | Killed a cyclops
  8177 | Volcano  | Noticed a salamander
  8183 | Volcano  | Killed a salamander
  8248 | Volcano  | Noticed a salamander
  8259 | Volcano  | Killed a salamander
  8296 | Volcano  | Noticed an orb of fire
  8308 | Volcano  | Noticed an arcanist
  8322 | Volcano  | Killed an arcanist
  8323 | Volcano  | Reached XP level 12. HP: 76/97 MP: 16/18
  8439 | Volcano  | Noticed an orb of fire
  8550 | Volcano  | Reached skill level 10 in Invocations
  8550 | Volcano  | Reached skill level 1 in Evocations
  9305 | Lair:2   | Reached skill level 5 in Evocations
  9433 | Lair:2   | Noticed a five-headed hydra
  9436 | Lair:2   | Killed a five-headed hydra
  9590 | Lair:2   | Noticed a six-headed hydra
  9597 | Lair:2   | Killed a six-headed hydra
 10464 | Lair:3   | Reached skill level 11 in Fighting
 10477 | Lair:3   | Found a staircase to the Snake Pit.
 10550 | Lair:3   | Reached skill level 12 in Fighting
 10559 | Lair:3   | Gained mutation: You can hop long distances. [Barachi
                  | growth]
 10559 | Lair:3   | Reached XP level 13. HP: 75/108 MP: 20/20
 10783 | Lair:3   | Reached skill level 13 in Fighting
 11295 | Lair:3   | Found a staircase to the Swamp.
 11421 | Lair:4   | Reached skill level 14 in Fighting
 11519 | Lair:4   | Found a gate leading to a gauntlet.
 11713 | Gauntlet | Entered a Gauntlet
 11713 | Gauntlet | Found a transporter.
 11713 | Gauntlet | Found a transporter.
 11713 | Gauntlet | Found a transporter.
 11713 | Gauntlet | Found a transporter.
 11717 | Gauntlet | Found a transporter.
 11718 | Gauntlet | Found a transporter.
 11721 | Gauntlet | Found a runed translucent door.
 11721 | Gauntlet | Found a runed translucent door.
 11723 | Gauntlet | Found a transporter.
 11726 | Gauntlet | Found a transporter.
 11726 | Gauntlet | Found a transporter.
 11728 | Gauntlet | Found a transporter.
 11736 | Gauntlet | Found a transporter.
 11736 | Gauntlet | Found a transporter.
 11994 | Gauntlet | Reached skill level 15 in Fighting
 12000 | Gauntlet | Identified the +0 cloak of Philately {rCorr Str+5 Int-3}
 12054 | Gauntlet | Noticed a minotaur
 12068 | Gauntlet | Killed a minotaur
 12353 | Lair:5   | Entered Level 5 of the Lair of Beasts
 12478 | Lair:5   | Identified the +11 flail of Pigytruc {freeze, rCorr}
 12611 | Lair:5   | Found a viscous altar of Jiyva.
 12612 | Lair:5   | Found a staircase to the Slime Pits.
 12623 | Lair:5   | Reached skill level 10 in Shapeshifting
 12744 | Lair:5   | Reached XP level 14. HP: 23/123 MP: 16/21
 12986 | Lair:5   | Noticed a dire elephant
 12986 | Lair:5   | Noticed a dire elephant
 12986 | Lair:5   | Noticed a dire elephant
 12986 | Lair:5   | Noticed a dire elephant
 12987 | Lair:5   | Noticed a dire elephant
 13011 | Lair:5   | Killed a dire elephant
 13339 | Lair:5   | Noticed a dire elephant
 13359 | Lair:5   | Killed a dire elephant
 13556 | Lair:5   | Killed a dire elephant
 13561 | Lair:5   | Killed a dire elephant
 13564 | Lair:5   | Killed a dire elephant
 13573 | Lair:5   | Killed a dire elephant
 14399 | D:10     | Entered Level 10 of the Dungeon
 14634 | D:10     | Identified the ring of Royalty {rPois rC+ rCorr Dex+3 SInv}
 14906 | D:10     | Found a shimmering altar of Xom.
 15061 | D:11     | Identified the ring "Pad Qae" {rElec MP+9 Dex+2}
 15124 | D:11     | Identified the +0 ring mail of Creativity {Regen+}
 15217 | D:11     | Noticed Psyche
 15223 | D:11     | Killed Psyche
 15502 | D:11     | Noticed Sonja
 15508 | D:11     | Killed Sonja
 16124 | D:12     | Noticed Maurice
 16152 | D:12     | Killed Maurice
 16205 | D:12     | Found a roughly hewn altar of Beogh.
 16205 | D:12     | Found a staircase to the Orcish Mines.
 16219 | D:12     | Reached ***** piety under Yredelemnul
 16241 | D:12     | Reached skill level 1 in Shields
 16587 | Orc:1    | Entered Level 1 of the Orcish Mines
 16587 | Orc:1    | Found a roughly hewn altar of Beogh.
 16791 | D:12     | Reached XP level 15. HP: 22/129 MP: 22/22
 16960 | D:12     | Identified the +9 falchion "Anaidd" {heavy, rF+}
 17137 | Orc:1    | Noticed Nergalle
 17464 | D:12     | Killed Nergalle
 17516 | Orc:1    | Paralysed by an orc sorcerer for 2 turns
 17711 | Orc:1    | Noticed Fannar
 17729 | Orc:1    | Killed Fannar
 17910 | Orc:2    | Entered Level 2 of the Orcish Mines
 17968 | Orc:2    | Found Zenar's Distillery.
 18006 | Orc:2    | Bought a potion of might for 64 gold pieces
 18006 | Orc:2    | Bought a potion of berserk rage for 80 gold pieces
 18006 | Orc:2    | Bought a potion of cancellation for 128 gold pieces
 18019 | Orc:2    | Noticed Nessos
 18031 | Orc:2    | Killed Nessos
 18395 | Orc:2    | Found a staircase to the Elven Halls.
 18595 | Orc:2    | Reached skill level 16 in Fighting
 19234 | Orc:2    | Found Quakhlivu's Armour Shop.
 19263 | Orc:2    | Found Zaitoh's Distillery.
 19334 | Orc:2    | Found Couricum's Weapon Shop.
 19335 | Orc:2    | Found Witul's Distillery.
 19339 | Orc:2    | Bought a potion of invisibility for 88 gold pieces
 19789 | D:13     | Noticed Josephine
 19802 | D:13     | Killed Josephine
 20066 | D:13     | Identified a scroll of acquirement
 20067 | D:13     | Acquired a manual of Shapeshifting
 20112 | D:14     | Reached skill level 15 in Shapeshifting
 20114 | D:14     | HP: 5/131 [centaur warrior/arrow (18)]
 20114 | D:14     | Shot with an arrow by a centaur

Illustrated notes

Levels and vault maps discovered:
D:1:      lordsloth_arrival_two_stooges, layout_basic
D:2:      layout_basic, basic_altar, minmay_fractal_squares_gapless_5,
          uniq_terence, uniq_crazy_yiuf_cottage
D:3:      layout_basic
D:4:      minmay_wonky_spiral, layout_basic, serial_shops, shop,
          serial_library_hellmonk_octagon
D:5:      layout_loops_ring, minmay_temple_entry_overgrown, serial_shops,
          nicolae_shop_bloodbath_and_beyond, enter_ossuary_1, uniq_ijyb
D:6:      layout_basic, led_sif_pool, slow_altar_1
D:7:      bobbens_index_wilting_gardens, layout_layer_cave, minivault_23,
          uniq_pikel
D:8:      layout_rooms, lair_entry_dummy
D:9:      layout_rooms, serial_shops, shop, nicolae_underground_beach,
          uniq_jeremiah
D:10:     layout_cave_pools, mainiacjoe_overflow_alcove_2, minivault_23,
          evilmike_butchery
D:11:     layout_irregular_city, uniq_sonja, uniq_psyche
D:12:     layout_irregular_city, david_orc_5, uniq_maurice
D:13:     layout_cave_pools, nrook_campfire, minivault_28, uniq_josephine
D:14:     nzn_winding_woodlands_small [nzn_winding_woodlands_5x15_concentric,
          nzn_winding_woodlands_center_garden,
          nzn_winding_woodlands_5x15_jagged], layout_basic,
          hellmonk_vaults_attempted_burglary, chequers_serial_rivers_room_a,
          st_stairs_10, minmay_checkered_concentric_circles
Lair:1:   layout_loops_ring, enter_volcano_2, grunt_megastairs_1
Lair:2:   layout_layer_cave, st_stairs_8, nicolae_quartered_pool_little
Lair:3:   layout_gridlike, nicolae_swamp_entry_spooky,
          guppyfry_snake_entry_island
Lair:4:   layout_hall_layers, gauntlet_entry_generic, minmay_stone_trees_small
Lair:5:   due_jungle_book, layout_gridlike, slime_entry_1, grunt_megastairs_5
Orc:1:    layout_caves, basic_altar, uniq_fannar, uniq_nergalle
Orc:2:    st_orc_pillars, layout_caves, serial_shops, nicolae_shop_statue_plus,
          uniq_nessos

Skill      XL: |  1  2  3  4  5  6  7  8  9 10 11 12 13 14 15 |
---------------+----------------------------------------------+-----
Stealth        | 1 2 |  2.0
Unarmed Combat | 4 5 6 7 8 10 14 | 14.0
Fighting       | 2 4 6 9 10 12 15 16 | 16.0
Shapeshifting  | 4 7 10 11 15 | 15.0
Dodging        | 4 9 10 11 | 11.9
Invocations    | 3 8 10 | 10.0
Evocations     | 5 |  5.0
Shields        | 2 |  2.0

Action                     |  1- 3 |  4- 6 |  7- 9 | 10-12 | 13-15 || total
---------------------------+-------+-------+-------+-------+-------++-------
  Melee: Unarmed           |    67 |   114 |   284 |   366 |   972 ||  1803
         Punch             |     1 |     3 |     8 |    27 |    51 ||    90
  Throw: Javelin           |       |       |       |     1 |     1 ||     2
         Throwing net      |       |       |       |     1 |       ||     1
         Dart              |       |       |       |       |     6 ||     6
 Invoke: Light the Black T |     1 |     3 |     4 |     6 |    10 ||    24
         Recall Undead Har |       |     1 |       |     1 |    10 ||    12
         Hurl Torchlight   |       |       |       |    14 |    20 ||    34
Ability: Hop               |       |       |       |       |     2 ||     2
  Evoke: Wand              |       |       |     1 |     5 |     9 ||    15
         Condenser vane    |       |       |       |     1 |     2 ||     3
         Sack of spiders   |       |       |       |       |     2 ||     2
    Use: Potion            |     1 |       |       |     6 |     5 ||    12
         Scroll            |       |       |     9 |     2 |    15 ||    26
   Stab: Sleeping          |     1 |       |       |     2 |     1 ||     4
         Distracted        |       |     2 |     6 |     8 |    12 ||    28
         Paralysed         |       |       |       |       |     4 ||     4
 Armour: Animal skin       |    34 |       |       |       |       ||    34
         Chain mail        |     5 |    89 |   111 |       |       ||   205
         Skin              |     1 |       |   106 |    10 |   262 ||   379
         Swamp dragon scal |       |       |       |   234 |   400 ||   634
  Dodge: Dodged            |    39 |    35 |   213 |   310 |  1136 ||  1733
  Block: Buckler           |       |       |       |       |    13 ||    13
   Form: Flux              |       |       |     1 |       |     1 ||     2
                           |       |       |       |     1 |     1 ||     2
         Beast             |       |       |       |     1 |     1 ||     2

Table legend: (Time is in decaauts)
 A = Elapsed time spent in this place.
 B = Non-inter-level travel time spent in this place.
 C = Inter-level travel time spent in this place.
 D = Time resting spent in this place.
 E = Time spent auto-exploring this place.
 F = Levels seen in this place.
 G = Mean time per level.
                   A        B        C        D        E       F      G
               +--------+--------+--------+--------+--------+-----+--------+
         Total |  22576 |  21344 |   1232 |   2635 |  12260 |  24 |  940.7 |
       Dungeon |  12671 |  11937 |    734 |   1157 |   7474 |  14 |  905.1 |
          Lair |   6420 |   6092 |    328 |   1048 |   3140 |   5 | 1284.0 |
  Orcish Mines |   1983 |   1814 |    169 |    125 |   1014 |   2 |  991.5 |
       Ossuary |    461 |    461 |      0 |      0 |    391 |   1 |  461.0 |
       Volcano |    579 |    579 |      0 |    215 |     78 |   1 |  579.0 |
      Gauntlet |    460 |    460 |      0 |     89 |    162 |   1 |  460.0 |
               +--------+--------+--------+--------+--------+-----+--------+

Top non-repeatable levels by time:
  Lair:5: 2048 daAuts
     D:7: 1991 daAuts
    D:12: 1804 daAuts
  Lair:2: 1610 daAuts
   Orc:2: 1566 daAuts
     D:2: 1291 daAuts
  Lair:3: 1148 daAuts
    D:11: 1042 daAuts
  Lair:1: 955 daAuts
     D:5: 855 daAuts
     D:4: 854 daAuts
     D:1: 787 daAuts
     D:8: 770 daAuts
    D:13: 756 daAuts
     D:9: 672 daAuts
